AoeStats
← Dragon

Arena

508106790Analyzed
4v4 RM · 11d ago on Sep 20, 2026· 42m 58s· 8 players
Game mode
Random Map
Map size
Large (8 player)
Population
200
Speed
Normal
Resources
Standard
Victory
Conquest
Starting age
Dark Age
Ending age
Imperial Age
RankedLock teamsTeams togetherTeam positionsShared explorationLock speedFull tech treeHidden civsTurbo modeCheats
Victory
Defeat
🇧🇷 Poles · Brazil
1405
+12
🇧🇷 Malay · Brazil
1374
+13
🇧🇷 Slavs · Brazil
1319
+15
🇧🇷 Aztecs · Brazil
1198
+21
🇩🇪 Italians · Germany
1321
-16
🇩🇪 Lithuanians · Germany
1309
-15
🇩🇪 Portuguese · Germany
1300
-15
🇩🇪 Slavs · Germany
1299
-15
Who am I
11:09 Feudal Age
15:00 Castle Age
13:18 Horse Collar
13:24 Double-Bit Axe
16:38 Wheelbarrow
18:16 Bow Saw
18:28 Heavy Plow
18:35 Loom
18:38 Town Watch
22:18 Hand Cart
23:19 Gold Mining
23:20 Stone Mining
26:32 Gold Shaft Mining
29:33 Imperial Age
29:48 Bloodlines
29:39 Husbandry
29:56 Scale Barding Armor
30:01 Forging
29:42 Fletching
30:26 Detinets
30:47 Conscription
29:49 Elite Boyar
29:56 Light Cavalry
31:52 Two-Man Saw
31:19 Siege Engineers
32:17 Chemistry
32:59 Crop Rotation
33:21 Chain Barding Armor
33:57 Town Patrol
34:33 Iron Casting
36:06 Plate Barding Armor
36:32 Blast Furnace
35:51 Heavy Scorpion
36:56 Ballistics
40:40 Capped Ram
siggi-lok
12:38 Feudal Age
16:17 Castle Age
14:40 Double-Bit Axe
14:37 Horse Collar
18:12 Heavy Plow
25:47 Imperial Age
24:42 Scale Mail Armor
24:53 Forging
26:41 Chain Mail Armor
25:49 Pikeman
27:44 Chemistry
26:56 Pikeman
28:11 Fortified Wall
29:15 Plate Mail Armor
32:25 Wheelbarrow
31:36 Town Watch
31:37 Loom
32:04 Bow Saw
31:56 Gold Mining
32:09 Stone Mining
32:57 Man-at-Arms
34:29 Iron Casting
35:33 Arquebus
39:06 Blast Furnace
Dragon
10:00 Feudal Age
17:20 Castle Age
15:39 Double-Bit Axe
15:36 Horse Collar
16:42 Gold Mining
20:07 Loom
21:32 Heavy Plow
22:25 Wheelbarrow
22:49 Bow Saw
23:53 Hand Cart
23:28 Town Watch
25:08 Scale Barding Armor
25:56 Bloodlines
29:20 Chain Barding Armor
29:10 Forging
31:50 Imperial Age
30:41 Husbandry
31:48 Scale Mail Armor
32:23 Iron Casting
32:10 Stone Mining
32:27 Squires
31:47 Pikeman
33:03 Chain Mail Armor
32:48 Halberdier
34:15 Stone Shaft Mining
34:03 Ballistics
35:20 Crop Rotation
34:47 Fletching
34:20 Light Cavalry
38:44 Chemistry
37:09 Winged Hussar
lord-cherry
9:51 Feudal Age
12:15 Loom
15:02 Castle Age
13:07 Double-Bit Axe
13:35 Horse Collar
16:02 Bow Saw
19:03 Gold Mining
21:25 Stone Mining
23:04 Stone Shaft Mining
29:16 Imperial Age
27:43 Thumb Ring
26:59 Crossbowman
28:33 Fortified Wall
29:14 Treadmill Crane
29:55 Ballistics
31:06 Chemistry
31:19 Two-Man Saw
30:58 Padded Archer Armor
31:31 Fletching
31:56 Leather Archer Armor
33:09 Heavy Plow
34:48 Wheelbarrow
34:53 Bodkin Arrow
37:45 Bracer
38:25 Ring Archer Armor
38:01 Elite Skirmisher
AXEL2904
11:42 Feudal Age
12:58 Double-Bit Axe
15:17 Castle Age
13:24 Horse Collar
15:11 Bow Saw
19:30 Heavy Plow
20:50 Wheelbarrow
23:49 Hand Cart
23:34 Loom
26:27 Gold Mining
26:28 Stone Mining
26:28 Gold Mining
26:28 Stone Mining
28:14 Gold Shaft Mining
28:14 Stone Shaft Mining
30:57 Imperial Age
29:24 Pikeman
30:04 Squires
30:33 Halberdier
31:44 Crop Rotation
32:17 Chemistry
31:38 Forging
31:52 Conscription
32:06 Scale Barding Armor
32:03 Husbandry
32:58 Iron Casting
32:32 Elite Battle Elephant
35:25 Blast Furnace
35:24 Forced Levy
35:54 Guilds
35:27 Man-at-Arms
36:03 Long Swordsman
36:52 Fletching
37:24 Ballistics
37:09 Siege Engineers
36:35 Two-Handed Swordsman
37:14 Light Cavalry
38:43 Bodkin Arrow
39:15 Padded Archer Armor
39:34 Bracer
39:26 Elite Skirmisher
40:23 Leather Archer Armor
40:25 Thumb Ring
43:50 Ring Archer Armor
Phill Forest
11:07 Feudal Age
14:52 Castle Age
13:07 Double-Bit Axe
13:25 Horse Collar
20:21 Bow Saw
27:02 Wheelbarrow
27:23 Forging
27:36 Scale Mail Armor
28:12 Heavy Plow
28:14 Loom
28:17 Town Watch
28:32 Gold Mining
31:13 Town Patrol
31:18 Fletching
31:29 Padded Archer Armor
34:54 Imperial Age
33:37 Hand Cart
34:48 Gold Shaft Mining
34:22 Elite Skirmisher
35:06 Padded Archer Armor
34:56 Fletching
35:28 Atlatl
36:35 Bodkin Arrow
36:56 Leather Archer Armor
37:04 Ballistics
36:40 Pikeman
37:22 Squires
38:38 Bracer
40:11 Chemistry
40:47 Chain Mail Armor
41:08 Iron Casting
42:42 Conscription
42:44 Garland Wars
42:38 Crossbowman
Pãozinho
7:00 Loom
10:43 Feudal Age
15:28 Castle Age
13:21 Double-Bit Axe
13:44 Town Watch
14:02 Horse Collar
16:21 Heavy Plow
17:26 Light Cavalry
20:18 Wheelbarrow
21:17 Wheelbarrow
22:18 Bow Saw
24:13 Gold Mining
24:18 Stone Mining
25:26 Hand Cart
28:33 Town Patrol
32:40 Imperial Age
30:56 Stone Shaft Mining
30:35 Padded Archer Armor
30:26 Fletching
31:50 Leather Archer Armor
31:41 Scale Barding Armor
31:47 Forging
31:49 Bloodlines
31:39 Husbandry
32:12 Bodkin Arrow
32:43 Ballistics
32:14 Crossbowman
33:35 Thumb Ring
33:51 Bracer
34:55 Chemistry
33:21 Arbalester
34:36 Conscription
35:10 Chain Barding Armor
35:25 Iron Casting
35:14 Winged Hussar
36:30 Lechitic Legacy
37:11 Crop Rotation
36:30 Treadmill Crane
37:02 Masonry
40:11 Cavalier
42:47 Blast Furnace
42:29 Szlachta Privileges
Lord BELO
10:32 Feudal Age
14:31 Castle Age
12:23 Double-Bit Axe
15:29 Horse Collar
16:01 Bow Saw
21:16 Wheelbarrow
21:22 Gold Mining
22:19 Loom
24:40 Stone Mining
27:57 Imperial Age
25:42 Hand Cart
25:13 Town Watch
26:32 Scale Mail Armor
27:35 Chain Mail Armor
27:30 Forging
26:42 Pikeman
27:22 Squires
28:27 Ballistics
30:04 Chemistry
28:26 Halberdier
29:44 Heavy Plow
29:47 Capped Ram
31:19 Plate Mail Armor
31:02 Detinets
32:40 Masonry
33:07 Iron Casting
32:23 Fletching
33:55 Two-Man Saw
33:54 Conscription
35:02 Druzhina
36:57 Blast Furnace
37:48 Scale Barding Armor
38:47 Elite Boyar
40:20 Chain Barding Armor
41:20 Husbandry
41:30 Bloodlines
Connection lost

Rejoining the realm…

Still unreachable

The connection could not be restored.

Session expired

The server has moved on; the page needs a fresh start.